 Dungeon Crawl Stone Soup version 0.28.0-47-ge53b351184 (webtiles) character file.

Game seed: 3298373480074968589

119 Exodus22XD the Chopper (level 5, -1/47 HPs)
             Began as a Hill Orc Monk on May 7, 2022.
             Slain by a gnoll
             ... wielding a +0 halberd
              (14 damage)
             ... on level 3 of the Dungeon.
             The game lasted 00:02:28 (3969 turns).

Exodus22XD the Chopper (Hill Orc Monk)              Turns: 3969, Time: 00:02:28

Health: -1/47      AC:  5    Str: 16    XL:     5   Next: 3%
Magic:  5/5        EV:  9    Int: 10    God:
Gold:   41         SH:  7    Dex: 13    Spells: 4/4 levels left

rFire   . . .      SeeInvis .   a - +0 hand axe
rCold   . . .      Faith    .   h - +0 kite shield
rNeg    . . .      Spirit   .   g - +0 ring mail
rPois   .          Reflect  .   (no helmet)
rElec   .          Harm     .   (no cloak)
rCorr   .          Rampage  .   (no gloves)
Will    .....                   (no boots)
Stlth   +.........              (no amulet)
HPRegen 0.15/turn               (no ring)
MPRegen 0.09/turn               (no ring)

@: no status effects
A: no striking features
a: no special abilities


You were on level 3 of the Dungeon.
You visited 1 branch of the dungeon, and saw 3 of its levels.

You collected 69 gold pieces.
You spent 28 gold pieces at shops.

Inventory:

Hand Weapons
 a - a +0 hand axe (weapon)
Missiles
 n - a throwing net (quivered)
Armour
 g - a +0 ring mail (worn)
 h - a +0 kite shield (worn)
Scrolls
 b - 3 scrolls of blinking
 c - 3 scrolls of magic mapping {unknown}
 d - 3 scrolls of enchant armour {unknown}
 e - a scroll of fog {unknown}
 k - a scroll of enchant weapon {unknown}
 l - a scroll of identify
Potions
 f - a potion of ambrosia
 i - a potion of invisibility {unknown}
 j - a potion of brilliance {unknown}
 m - 2 potions of curing {unknown}
 o - a potion of haste {unknown}
 p - a potion of might {unknown}


   Skills:
 + Level 4.4 Fighting
 + Level 5.8 Axes
 * Level 2.3 Armour
 - Level 2.4 Dodging
 - Level 1.5 Stealth
 * Level 0.3 Shields


You had 4 spell levels left.
You didn't know any spells.
Your spell library was empty.

Dungeon Overview and Level Annotations

Branches:
Dungeon (3/15)

Altars:
Gozag
The Shining One

Shops:
D:3 ?


Message History

You hit the gnoll.
The gnoll is moderately wounded.
You hit the gnoll but do no damage. You block the gnoll's attack.
The gnoll hits you with a +0 halberd!
There are monsters nearby!
The gnoll shouts!
You hit the gnoll but do no damage.
The gnoll is moderately wounded.
You barely miss the gnoll. The gnoll closely misses you.
You block the gnoll's attack.
You hit the gnoll but do no damage.
The gnoll is moderately wounded.
You barely miss the gnoll. You block the gnoll's attack.
Unknown command.
The gnoll hits you from afar with a +0 halberd.
Really walk into that teleport trap?
You enter a teleport trap!
The teleport trap disappears.
Your surroundings suddenly seem different.
A gnoll is nearby!
The gnoll shouts!
You hear a shout!
There are monsters nearby!
The gnoll barely misses you. The gnoll hits you with a +0 halberd!
You slash the gnoll!
The gnoll is heavily wounded.
The gnoll hits you with a +0 halberd! You block the gnoll's attack.
You barely miss the gnoll.
The gnoll is heavily wounded.
The gnoll barely misses you. The gnoll hits you with a +0 halberd!
The gnoll hits you from afar with a +0 spear.
* * * LOW HITPOINT WARNING * * *
You hit the gnoll.
The gnoll is almost dead.
You block the gnoll's attack.
The gnoll hits you from afar with a +0 spear.
* * * LOW HITPOINT WARNING * * *
You barely miss the gnoll.
The gnoll is almost dead.
The gnoll hits you with a +0 halberd!
You die...

##[.# #..##...####.#
#...## #.........##.#
.....# #.........##.#
#....## #.#.......##.#
#..##.###
#.###...#.##.#
.####...## #.#
#...#.##.# ##
#.....###.####.##.##.#
#
#..........g....<....#
##
#.....####.#.@.##.####
.####...## #.#g####.#
#.###..## ##..#.###.##
##...#.#####..###.†...#
##............#.###..#
####.#####.##.## #..#
#.# #.##.# #..# #(#
#.##.# #..#
#.#####.##.## #..#


You could see 2 gnolls.

Vanquished Creatures
  Jessica (D:2)
  4 adders
  2 worms (D:2)
  An orc (D:3)
  4 ball pythons
  4 endoplasms
  4 giant cockroaches
  5 goblins
  6 hobgoblins
  6 kobolds
  A quokka (D:1)
  2 bats (D:1)
  3 frilled lizards
  8 rats
51 creatures vanquished.

Vanquished Creatures (others)
  7 plants (D:1)
7 creatures vanquished.

Grand Total: 58 creatures vanquished

Notes
Turn   | Place    | Note
-------+----------+-------------------------------------------
     0 | D:1      | Exodus22XD the Hill Orc Monk began the quest for the Orb.
     0 | D:1      | Reached XP level 1. HP: 19/19 MP: 1/1
   273 | D:1      | Reached XP level 2. HP: 19/27 MP: 2/2
   367 | D:1      | Found a faded altar of an unknown god.
   694 | D:1      | Reached skill level 1 in Armour
   939 | D:1      | Reached XP level 3. HP: 20/33 MP: 3/3
  1533 | D:2      | Noticed Jessica
  1540 | D:2      | Killed Jessica
  1541 | D:2      | Reached skill level 5 in Axes
  1541 | D:2      | Reached XP level 4. HP: 28/41 MP: 4/4
  2748 | D:2      | Found a glowing golden altar of the Shining One.
  3272 | D:3      | Found Zosexuw's Magic Scroll Boutique.
  3286 | D:3      | Bought a scroll of identify for 28 gold pieces
  3617 | D:3      | Reached XP level 5. HP: 45/47 MP: 5/5
  3806 | D:3      | Found an opulent altar of Gozag.
  3969 | D:3      | Slain by a gnoll

Illustrated notes

Levels and vault maps discovered:
D:1:      dpeg_arrival_three_same_balls, layout_rooms,
          hellmonk_ecumenical_altar_heavens_door, serial_forest,
          infiniplex_forest_straight_1, infiniplex_forest_zigzag_1,
          infiniplex_forest_end_3, infiniplex_forest_clump_diagonal,
          infiniplex_forest_fountain, infiniplex_forest_lined_room_2
D:2:      layout_loops_corners, basic_altar, minmay_tree_intersection,
          patterned_corridor, uniq_jessica
D:3:      layout_loops_ring, lemuel_tele_altar, serial_shops, shop

Skill      XL: |  1  2  3  4 |
---------------+-------------+-----
Fighting       | 4 |  4.4
Armour         | 1 2 |  2.3
Axes           | 5 |  5.8
Dodging        | |  2.4
Stealth        | |  1.5
Shields        | |  0.3

Action                   |  1- 3 |  4- 6 || total
-------------------------+-------+-------++-------
Melee: Hand axe          |    81 |   138 ||   219
       Punch             |     3 |       ||     3
  Use: Scroll            |       |     2 ||     2
 Stab: Sleeping          |     1 |       ||     1
Armor: Robe              |     8 |       ||     8
       Ring mail         |     2 |    36 ||    38
Dodge: Dodged            |    46 |    58 ||   104
Block: Kite shield       |       |    38 ||    38
